Map: Lost and Found LE

Players

Woogie

  • Race: Zerg Zerg
  • League: Diamond
  • Spawn Location: 1:00

Syre - Winner!

  • Race: Zerg Zerg
  • League: Diamond
  • Spawn Location: 7:00

VOD

Have the link to the VOD?

Description

In the last battle my hydras fight in a choke w/ rocks and opponent has banes morphing. I go into wipe them out, but opponent has banes come in from another angle to wipe out a majority of my hydras.

Time

  • Played on: Sept. 20, 2018, 9:46 a.m.
  • Length: 14:57
Show
View Real Time Build Order
Export as new Build Order

Woogie Zerg 

Build Orders: Hatch First 

Get SALT Encoding   

  12  0:01  Drone  
  13  0:13  Overlord  
  13  0:17  Drone  
  14  0:31  Drone x2  
  16  0:39  Drone  
  17  0:52  Hatchery  
  17  0:56  Drone  
  17  1:10  Spawning Pool  
  17  1:11  Drone  
  17  1:15  Drone  
  17  1:16  Extractor  
  17  1:20  Drone  
  18  1:28  Drone  
  19  1:39  Overlord  
  19  1:57  Queen  
  19  1:59  Drone  
  19  2:01  Drone  
  23  2:04  Drone  
  23  2:06  Queen  
  26  2:11  Drone  
  27  2:17  Metabolic Boost  
  27  2:27  Drone x3  
  30  2:32  Overlord  
  30  2:34  Queen  
  32  2:42  Drone  
  33  2:52  Drone x2  
  35  2:59  Roach Warren  
  35  3:00  Extractor  
  35  3:02  Drone x2  
  35  3:14  Overlord  
  35  3:15  Drone  
  35  3:16  Drone x4  
  40  3:23  Queen  
  40  3:24  Queen  
  44  3:35  Drone x2  
  44  3:36  Drone  
  44  3:37  Overlord  
  47  3:44  Evolution Chamber  
  46  3:54  Drone x2  
  46  3:55  Drone  
  49  4:03  Roach x5  
  49  4:04  Roach  
  48  4:19  Roach  
  48  4:20  Roach x4  
  44  4:28  Roach  
  44  4:30  Roach  
  26  4:47  Drone x3  
  27  4:57  Drone  
  27  4:58  Drone  
  29  5:00  Drone  
  30  5:07  Drone  
  30  5:08  Drone  
  30  5:13  Drone  
  33  5:48  Drone  
  33  5:49  Drone x5  
  37  5:53  Queen x2  
  41  5:57  Drone  
  42  6:09  Drone x3  
  42  6:10  Drone  
  46  6:14  Drone  
  46  6:18  Ravager  
  48  6:27  Zerg Missile Weapons Level 1  
  48  6:32  Drone x4  
  52  6:43  Overlord  
  52  6:45  Drone x3  
  52  6:46  Drone  
  56  6:50  Ravager  
  57  6:54  Drone x3  
  57  6:55  Extractor  
  59  7:04  Lair  
  59  7:12  Drone x2  
  61  7:21  Drone  
  62  7:25  Hatchery  
  62  7:27  Roach x3  
  62  7:29  Overlord  
  67  7:32  Ravager  
  67  7:33  Overlord  
  67  7:35  Unknown  
  68  7:51  Roach  
  68  7:52  Roach x4  
  79  8:00  Hatchery  
  79  8:03  Roach  
  80  8:10  Glial Reconstitution  
  80  8:11  Overlord x2  
  80  8:12  Overlord x2  
  80  8:25  Zerg Missile Weapons Level 2  
  82  8:34  Roach x4  
  82  8:35  Roach  
  82  8:38  Overseer  
  90  8:49  Roach x3  
  96  9:00  Burrow  
  96  9:05  Extractor  
  95  9:13  Spore Crawler  
  95  9:15  Spore Crawler  
  93  9:20  Queen x2  
  93  9:23  Drone x3  
  93  9:24  Drone x6  
  103  9:26  Spore Crawler  
  103  9:27  Hydralisk Den  
  103  9:29  Spore Crawler  
  103  9:49  Overlord x4  
  103  9:50  Tunneling Claws  
  103  9:56  Pneumatized Carapace  
  103  10:14  Overlord  
  103  10:15  Drone x4  
  103  10:16  Drone  
  108  10:26  Grooved Spines  
  108  10:28  Hydralisk x5  
  108  10:29  Hydralisk  
  120  10:39  Drone x6  
  120  10:40  Drone  
  120  10:42  Extractor  
  126  10:43  Extractor  
  123  11:04  Hydralisk x7  
  118  11:09  Roach x15  
  132  11:11  Spore Crawler, Drone  
  132  11:14  Queen x3  
  137  11:47  Drone x7, Roach x4  
  132  11:49  Roach x6  
  132  11:53  Roach x5  
  119  12:01  Hydralisk x12  
  111  12:02  Hydralisk  
  123  12:27  Roach x6  
  123  12:29  Roach  
  112  12:47  Roach x3  
  112  12:49  Hydralisk  
  112  12:50  Hydralisk x8  
  130  12:53  Roach x3  
  130  12:56  Roach x4  
  124  13:12  Hatchery  
  123  13:17  Roach x2  
  123  13:18  Roach x2  
  119  13:42  Hatchery  
  114  14:11  Hydralisk  
  114  14:12  Hydralisk x4  
  124  14:33  Extractor  
  124  14:35  Extractor  
Show
View Real Time Build Order
Export as new Build Order

Syre Zerg - Winner!

Build Orders: Hatch First, Muta Ling Bane, Zergling Baneling 

Get SALT Encoding   

  12  0:04  Drone  
  13  0:08  Drone  
  14  0:16  Overlord  
  14  0:36  Drone x2  
  14  0:37  Drone  
  17  0:52  Hatchery  
  17  0:56  Drone  
  17  1:00  Drone  
  17  1:01  Extractor  
  17  1:15  Spawning Pool  
  16  1:19  Drone  
  16  1:24  Drone  
  18  1:36  Drone  
  19  1:42  Overlord  
  19  2:04  Metabolic Boost  
  19  2:05  Queen x2  
  19  2:08  Zergling x2  
  24  2:09  Drone  
  25  2:27  Drone x2  
  25  2:28  Zergling x4  
  25  2:29  Zergling x2  
  30  2:33  Baneling Nest  
  29  2:38  Zergling x2  
  29  2:40  Zergling x2  
  31  2:50  Zergling x4  
  33  2:58  Overlord  
  33  3:05  Zergling x2  
  34  3:10  Zergling x2  
  34  3:11  Overlord  
  35  3:17  Zergling x2  
  35  3:18  Zergling x8  
  40  3:28  Zergling x6  
  43  3:36  Baneling x4  
  43  3:37  Baneling x2  
  43  3:38  Baneling  
  43  3:39  Zergling x2  
  44  3:41  Zergling x2  
  40  4:15  Baneling  
  40  4:16  Zergling x4  
  40  4:17  Zergling x4  
  44  4:18  Baneling x3  
  43  4:30  Zergling x8  
  43  4:35  Zergling x2  
  41  4:45  Zergling x2  
  39  4:46  Zergling x2  
  39  4:55  Zergling x2  
  39  4:56  Zergling x2  
  39  4:57  Queen  
  40  5:04  Zergling x4  
  42  5:13  Zergling x2  
  43  5:15  Overlord  
  43  5:18  Baneling  
  43  5:19  Baneling x5  
  41  5:29  Zergling x6  
  38  5:47  Lair  
  35  5:50  Drone x6  
  41  6:04  Hatchery  
  41  6:10  Drone  
  41  6:11  Drone x2  
  43  6:12  Zergling x4  
  43  6:13  Zergling x4  
  43  6:17  Baneling x4  
  47  6:19  Drone  
  48  6:36  Drone x3  
  48  6:39  Drone  
  52  6:40  Overlord x2  
  52  6:41  Overlord  
  52  6:46  Extractor  
  51  6:47  Extractor  
  51  6:49  Extractor, Overseer  
  49  6:57  Drone x2  
  49  6:58  Drone  
  49  6:59  Drone x3  
  55  7:14  Drone x2  
  57  7:25  Spire  
  57  7:28  Drone x4  
  57  7:29  Drone x3  
  64  7:30  Zergling x4  
  65  7:51  Zergling x4  
  65  7:52  Zergling x4  
  68  8:03  Zergling x2  
  68  8:04  Zergling x4  
  68  8:05  Centrifical Hooks  
  71  8:07  Drone x3  
  71  8:09  Overlord  
  71  8:10  Extractor  
  71  8:11  Extractor  
  72  8:20  Zergling x2  
  72  8:23  Overlord x3  
  73  8:27  Baneling x3  
  73  8:28  Baneling x3  
  73  8:40  Mutalisk x2  
  73  8:41  Mutalisk x3  
  83  8:49  Drone x5  
  83  8:50  Mutalisk, Drone x2  
  83  8:54  Mutalisk  
  94  8:58  Zergling x4  
  96  9:03  Mutalisk  
  96  9:06  Baneling x4  
  96  9:07  Baneling  
  98  9:20  Mutalisk x2  
  102  9:31  Mutalisk x2  
  102  9:36  Overlord x3  
  102  9:37  Overlord  
  106  9:39  Hatchery  
  106  9:44  Drone  
  106  9:46  Overlord x2  
  106  9:53  Overlord  
  106  10:06  Mutalisk x2  
  106  10:07  Mutalisk x3  
  106  10:08  Zergling x2  
  106  10:09  Zergling x4  
  120  10:14  Zergling x6  
  120  10:18  Mutalisk x2  
  126  10:26  Drone  
  127  10:39  Baneling x2  
  127  10:47  Mutalisk x4  
  127  10:48  Mutalisk  
  127  10:49  Zergling x2  
  134  11:06  Mutalisk x2  
  134  11:07  Mutalisk  
  138  11:16  Mutalisk  
  140  11:19  Baneling x4  
  140  11:24  Drone  
  140  11:25  Drone x6  
  146  11:26  Overlord, Drone x2  
  146  11:27  Mutalisk  
  146  11:31  Mutalisk  
  153  11:36  Extractor  
  152  11:41  Extractor  
  124  12:04  Mutalisk x5, Zergling x4  
  124  12:05  Zergling x12  
  124  12:06  Zergling x10  
  128  12:16  Mutalisk x2  
  119  12:27  Drone x3  
  119  12:28  Drone x3  
  114  12:36  Drone  
  110  12:39  Spire  
  110  12:42  Drone x3  
  107  12:55  Overseer  
  102  13:03  Spore Crawler  
  102  13:05  Drone x3  
  102  13:06  Drone x5  
  101  13:22  Drone x2  
  102  13:29  Drone x2  
  104  13:38  Zergling x8  
  104  13:40  Zergling x2  
  104  13:41  Zergling x2  
  110  13:53  Baneling x4  
  110  13:54  Baneling, Zergling x2  
  111  13:56  Zergling x2  
  111  13:58  Zergling x2  
  95  14:11  Zergling x2  
  95  14:12  Zergling x6  
  95  14:17  Baneling x4  
  99  14:19  Baneling x5  
  99  14:20  Baneling x2  
  99  14:21  Baneling x2, Drone x2  
  99  14:22  Drone  
  102  14:25  Drone  
  102  14:26  Drone  
  102  14:28  Drone  
  105  14:36  Baneling  
  105  14:37  Baneling x5  
  105  14:41  Baneling x2  
Tags
 
Add a new tag
Caveats
  • Supply blocks, unpowered buildings, or Contaminate may cause inaccurate times.
  • Supply counts are checked every 10 seconds.